Map: Catalyst LE

Players

Pain - Winner!

  • Race: Terran Terran
  • Spawn Location: 11:00

A.I. 1 (Easy)

  • Race: Protoss Protoss
  • Spawn Location: 5:00

VOD

Have the link to the VOD?

Description

Time

  • Played on: March 9, 2018, 1:26 a.m.
  • Length: 41:44
Show
View Real Time Build Order
Export as new Build Order

Pain Terran - Winner!

Build Orders:  

Get SALT Encoding   

  12  0:05  SCV  
  13  0:20  Supply Depot  
  13  0:32  SCV  
  14  0:45  SCV  
  14  0:47  Barracks  
  15  0:58  Barracks  
  15  1:33  SCV  
  16  1:40  Refinery  
  16  1:45  SCV  
  17  1:56  Supply Depot  
  17  1:57  SCV  
  18  2:03  Marine x2  
  20  2:09  SCV  
  21  2:21  Marine x2  
  21  2:22  SCV  
  24  2:23  Engineering Bay  
  24  2:38  Marine  
  24  2:39  Marine  
  26  2:56  Marine x2  
  28  3:14  Marine  
  29  3:34  Command Center, SCV  
  30  3:42  Marine, Refinery  
  31  3:51  Supply Depot  
  31  4:12  Marine x2, SCV  
  31  4:14  Supply Depot  
  34  4:24  SCV  
  34  4:30  Marine x2  
  37  4:36  Terran Infantry Weapons Level 1  
  37  4:37  Supply Depot, SCV  
  38  4:48  Marine x2  
  38  4:49  SCV x2  
  42  5:00  Supply Depot  
  42  5:01  SCV  
  42  5:02  SCV  
  42  5:05  Marine x2  
  46  5:14  Planetary Fortress, SCV  
  47  5:23  Marine x2  
  49  5:35  Supply Depot  
  49  5:41  Marine x2  
  51  5:57  Orbital Command  
  51  5:59  Marine x2  
  51  6:00  Factory  
  53  6:17  Marine x2  
  53  6:30  Terran Infantry Armor Level 1  
  53  6:35  Marine x2  
  54  7:06  Factory Tech Lab  
  54  7:18  Barracks Reactor  
  54  7:36  Barracks Reactor  
  54  8:07  SCV  
  55  8:33  Marine x3  
  55  8:34  Marine  
  59  8:40  Starport  
  59  8:51  Marine x4  
  59  8:52  Bunker  
  59  8:54  SCV  
  64  9:06  SCV  
  64  9:09  Marine x4  
  69  9:17  Starport  
  69  9:18  SCV  
  70  9:27  Marine x4  
  70  9:30  SCV  
  75  9:42  SCV  
  75  9:44  Marine  
  75  9:45  Marine x3, Armory  
  78  10:02  Marine x3  
  78  10:03  Marine  
  81  10:29  Starport Reactor  
  81  10:32  Starport Tech Lab  
  76  12:16  Marine x4  
  76  12:21  Medivac x3  
  86  12:29  Supply Depot  
  86  12:37  Terran Vehicle Weapons Level 1  
  86  12:50  Marine x4  
  86  12:51  Medivac x2  
  94  12:53  Supply Depot  
  94  13:14  Marine x4  
  94  13:15  Supply Depot  
  98  13:29  Supply Depot  
  98  13:32  Marine x3, SCV  
  102  13:37  Marine  
  102  13:39  Supply Depot  
  103  13:44  SCV  
  104  13:51  Supply Depot  
  104  13:56  SCV  
  105  14:03  Supply Depot  
  105  14:08  SCV  
  106  14:14  Refinery  
  106  14:20  SCV  
  107  14:26  Supply Depot  
  107  14:32  Terran Vehicle And Ship Armor Level 1  
  107  14:38  Refinery  
  107  14:50  Supply Depot  
  107  15:12  Supply Depot  
  87  15:30  Marine x3  
  87  15:31  Marine  
  87  15:34  Supply Depot, Medivac  
  87  15:35  Medivac  
  95  15:48  Marine x4  
  99  16:04  Medivac  
  99  16:06  Marine x4  
  105  16:23  Command Center, Marine  
  105  16:24  Marine x3  
  106  16:26  Terran Ship Weapons Level 1  
  104  16:40  SCV  
  104  16:45  Liberator x2  
  104  16:52  SCV  
  105  17:04  SCV  
  112  17:16  SCV  
  112  17:21  Medivac  
  115  17:26  Marine x3  
  115  17:27  Marine  
  115  17:28  Liberator x2  
  119  17:38  Supply Depot  
  119  17:44  Marine x4  
  129  17:51  Medivac  
  131  18:02  Supply Depot, Marine x4  
  135  18:11  Liberator x2  
  135  18:13  Barracks  
  135  18:19  Marine  
  135  18:20  Marine x3  
  135  18:21  Medivac  
  135  18:24  Supply Depot  
  141  18:30  Supply Depot  
  101  18:50  Refinery  
  101  18:51  Medivac  
  101  18:54  Supply Depot, Liberator x2  
  98  19:02  Barracks  
  95  19:16  Supply Depot  
  101  19:30  Marine x4  
  107  19:39  Supply Depot  
  107  19:44  Banshee  
  108  19:47  Marine  
  108  19:48  Marine x3  
  108  19:51  Barracks  
  112  19:54  Medivac x2  
  116  20:02  Supply Depot  
  116  20:05  Marine x3  
  116  20:06  Marine  
  120  20:23  Marine x4  
  120  20:27  Banshee  
  127  20:29  Barracks Reactor  
  127  20:40  Barracks Reactor  
  127  20:49  Barracks Reactor  
  127  21:10  Banshee  
  130  21:26  Marine x2  
  130  21:27  Marine x4  
  136  21:43  Marine  
  136  21:44  Marine x2  
  136  21:45  Marine x3  
  142  21:52  Banshee  
  145  22:01  Marine  
  145  22:02  Marine x4  
  145  22:03  Marine  
  151  22:19  Marine  
  151  22:20  Marine x4  
  151  22:21  Marine  
  157  22:31  Marine x3  
  157  22:32  Marine  
  157  22:35  Banshee  
  160  22:49  Marine x4  
  158  23:07  Marine x4  
  155  23:24  Marine  
  155  23:25  Marine x3  
  159  23:27  Marine x2  
  159  23:28  Marine x4  
  165  23:45  Marine x3  
  165  23:46  Marine x3  
  106  23:56  Medivac x2  
  110  24:03  Marine x2  
  112  24:26  Medivac x2  
  96  24:56  Medivac  
  98  25:00  Marine x4  
  98  25:01  Marine x2  
  104  25:07  Marine x2  
  104  25:08  Marine x2  
  108  25:18  Marine x6  
  114  25:25  Marine x3  
  114  25:26  Marine  
  114  25:28  Fusion Core  
  118  25:35  Supply Depot  
  116  25:36  Marine x6  
  120  25:43  Marine x4  
  124  25:53  Marine x2  
  124  25:54  Marine x4  
  130  25:58  Supply Depot  
  130  26:01  Marine x4  
  134  26:11  Refinery  
  134  26:12  SCV  
  134  26:17  Marine  
  134  26:18  Marine x5  
  139  26:21  Supply Depot  
  139  26:24  SCV  
  142  26:35  Marine x3  
  142  26:36  Marine x3, SCV  
  149  26:40  Marine x4  
  149  26:45  Medivac x2  
  157  26:53  Marine x4  
  157  26:54  Marine x2  
  162  26:58  Marine x4  
  167  27:06  Terran Vehicle And Ship Armor Level 2  
  167  27:11  Marine x5  
  167  27:12  Marine  
  173  27:15  Marine  
  173  27:16  Marine x3  
  177  27:32  Terran Infantry Weapons Level 2  
  177  27:33  Marine x2  
  177  27:34  Marine x2  
  175  28:58  Orbital Command  
  175  29:19  Banshee  
  175  29:22  Terran Ship Weapons Level 2  
  178  29:25  Marine x3  
  178  29:26  Marine x3  
  184  29:43  Marine x4  
  184  29:44  Marine x2  
  175  29:48  Terran Infantry Armor Level 2  
  159  29:58  Marine x2  
  159  29:59  Marine x2  
  163  30:01  Marine x6  
  163  30:02  Banshee  
  172  30:16  Marine x3, Medivac  
  172  30:17  Marine, Medivac  
  172  30:18  Marine  
  172  30:19  Marine x5  
  186  30:34  Marine x4  
  190  30:36  Marine  
  190  30:37  Marine x5  
  196  30:45  Banshee  
  199  30:52  Marine  
  156  33:17  Marine  
  156  33:18  Marine x3  
  160  33:35  Marine x2  
  160  33:36  Marine x2  
  164  33:53  Marine x4  
  168  34:04  Marine x5  
  168  34:05  Marine  
  174  34:10  Terran Vehicle Weapons Level 2  
  174  34:11  Marine x4  
  174  34:14  Terran Infantry Weapons Level 3  
  178  34:22  Marine x6  
  184  34:39  Marine  
  184  34:40  Marine x5  
  190  34:57  Marine x2  
  190  34:58  Marine x4  
  196  35:15  Marine x3  
  196  35:16  Marine  
  200  36:26  Terran Vehicle And Ship Armor Level 3  
  200  36:51  Terran Infantry Armor Level 3  
  171  39:03  Terran Ship Weapons Level 3  
  171  39:06  Medivac  
  171  39:09  Marine  
  153  41:07  Marine x4  
  157  41:25  Marine x4  
Show
View Real Time Build Order
Export as new Build Order

A.I. 1 (Easy) Protoss 

Build Orders:  

Get SALT Encoding   

  12  0:00  Probe  
  13  0:13  Probe  
  14  0:19  Pylon  
  14  0:25  Probe  
  15  0:34  Probe  
  15  0:40  Gateway  
  16  0:45  Assimilator  
  16  0:54  Pylon  
  16  1:17  Assimilator  
  16  1:24  Zealot  
  16  1:29  Cybernetics Core  
  18  1:46  Probe  
  19  1:58  Warp Gate  
  19  2:00  Pylon  
  19  2:01  Probe  
  19  2:08  Adept  
  22  2:09  Probe  
  23  2:18  Probe  
  24  2:30  Probe  
  24  2:35  Adept  
  27  2:42  Probe  
  28  3:02  Stalker  
  30  5:38  Sentry  
  30  5:39  Probe  
  30  5:40  Pylon  
  33  5:58  Probe  
  33  6:00  Robotics Facility  
  33  6:01  Zealot  
  33  6:03  Pylon  
  36  6:08  Probe  
  37  6:24  Stalker  
  31  6:47  Sentry  
  31  6:49  Observer  
  31  6:50  Nexus  
  34  7:05  Observer  
  34  7:10  Zealot  
  37  7:33  Adept  
  39  7:56  Stalker  
  41  8:03  Probe  
  42  8:08  Probe  
  43  8:13  Probe  
  43  8:14  Assimilator  
  43  8:17  Assimilator  
  44  8:20  Probe  
  44  8:21  Probe  
  46  8:29  Probe  
  46  8:32  Probe  
  48  8:41  Probe  
  48  8:44  Probe  
  50  8:53  Probe  
  51  8:56  Probe  
  51  9:02  Probe  
  52  9:08  Probe  
  54  9:10  Probe  
  54  9:16  Probe  
  55  9:20  Probe  
  57  9:24  Probe  
  58  9:32  Probe  
  58  9:35  Probe  
  60  9:44  Probe  
  61  10:26  Warp Prism  
  61  10:35  Gateway  
  63  10:37  Forge  
  63  10:39  Robotics Bay  
  63  10:41  Stargate  
  63  10:44  Pylon  
  63  10:49  Warp Prism  
  63  10:59  Stalker  
  63  11:00  Protoss Ground Weapons Level 1  
  53  11:22  Zealot  
  53  11:23  Observer  
  55  11:26  Observer Gravitic Boosters, Gateway  
  56  11:39  Zealot  
  58  11:56  Sentry  
  60  12:14  Immortal  
  64  12:15  Gravitic Drive  
  64  12:31  Stalker, Protoss Ground Armor Level 1  
  66  13:04  Nexus  
  66  14:16  Probe  
  67  14:18  Protoss Air Weapons Level 1  
  67  14:20  Probe  
  68  14:24  Probe  
  68  14:26  Assimilator  
  68  14:27  Stalker  
  68  14:29  Probe  
  72  14:31  Assimilator  
  72  14:33  Probe  
  72  14:35  Twilight Council  
  72  14:37  Stalker, Probe  
  67  14:42  Probe  
  54  14:46  Stalker  
  54  14:47  Probe  
  54  14:52  Probe  
  55  14:54  Protoss Ground Weapons Level 2  
  55  14:56  Stalker, Probe  
  54  15:01  Probe  
  54  15:05  Stalker, Probe  
  54  15:06  Assimilator  
  58  15:09  Probe  
  58  15:14  Probe  
  60  15:15  Zealot  
  60  15:18  Probe  
  60  15:19  Probe  
  63  15:26  Probe  
  65  15:31  Probe  
  65  15:32  Probe  
  66  15:41  Probe x2  
  68  15:49  Probe  
  70  15:50  Probe  
  70  15:52  Protoss Air Armor Level 1  
  71  15:58  Probe  
  71  16:02  Probe  
  73  16:06  Probe  
  73  16:11  Probe  
  75  16:15  Probe  
  76  16:18  Probe  
  76  16:21  Stalker  
  76  16:24  Probe  
  76  16:29  Probe  
  76  16:31  Zealot  
  73  16:40  Sentry  
  75  16:49  Protoss Ground Armor Level 2  
  75  16:50  Immortal  
  79  18:02  Sentry  
  81  18:08  Templar Archives  
  81  18:16  Pylon  
  77  18:35  Sentry  
  77  18:46  Zealot  
  71  18:57  Zealot  
  69  19:07  Stalker  
  67  19:18  Stalker  
  69  19:29  Stalker  
  71  19:40  Stalker  
  73  19:51  High Templar  
  75  20:01  High Templar  
  75  20:02  Nexus  
  77  20:24  High Templar, Archon  
  79  20:35  High Templar  
  81  20:57  Archon  
  81  20:58  High Templar  
  83  21:09  High Templar  
  85  21:24  Assimilator  
  85  21:28  Assimilator  
  85  21:31  Archon  
  85  21:55  Adept  
  87  22:02  Adept  
  87  22:03  Stalker x2  
  87  22:04  Void Ray  
  89  22:09  Adept  
  93  22:54  Stalker  
  91  23:21  Zealot  
  89  23:28  Zealot  
  79  24:46  Sentry  
  75  24:53  Stalker  
  77  25:00  Stalker  
  79  25:14  Stalker  
  79  25:18  Colossus  
  83  25:41  Zealot  
  75  25:47  Fleet Beacon  
  75  26:19  Tempest  
  75  26:28  Nexus  
  81  27:51  Assimilator x2  
  81  29:02  Sentry  
  83  29:10  Sentry  
  85  29:19  Zealot  
  87  29:28  Zealot  
  89  29:36  Stalker  
  91  29:45  Stalker  
  69  29:53  Sentry  
  71  30:02  Sentry  
  73  30:11  Stalker  
  75  30:19  Stalker  
  77  30:28  Zealot  
  79  30:36  Zealot  
  81  30:45  Stalker  
  83  30:54  Stalker  
  85  31:37  Sentry  
  76  31:45  Stalker  
  62  31:52  Probe  
  48  31:54  Zealot  
  48  31:56  Probe  
  48  32:01  Probe  
  47  32:03  Stalker  
  47  32:05  Probe  
  47  32:06  Probe  
  50  32:10  Probe  
  50  32:11  Stalker  
  53  32:16  Probe  
  53  32:20  Zealot  
  53  32:21  Probe  
  50  32:24  Probe  
  50  32:25  Nexus  
  50  32:28  Zealot, Probe  
  50  32:35  Assimilator  
  52  32:37  Zealot  
  50  32:44  Probe  
  50  32:46  Sentry, Probe  
  49  32:53  Probe  
  49  32:55  Sentry  
  48  32:59  Probe  
  48  33:03  Sentry  
  48  33:04  Probe  
  50  33:08  Probe  
  50  33:12  Stalker  
  49  33:13  Nexus  
  49  33:14  Probe  
  44  33:20  Stalker  
  46  33:29  Stalker  
  46  33:33  Robotics Facility, Probe  
  44  33:38  Zealot  
  45  33:48  Pylon  
  47  34:00  Zealot  
  49  34:07  Probe  
  47  34:14  Zealot  
  43  34:21  Warp Prism  
  43  34:22  Probe  
  45  34:29  Zealot  
  45  34:30  Probe  
  47  34:33  Probe  
  47  34:35  Cybernetics Core  
  47  34:37  Assimilator  
  48  34:39  Probe x2, Assimilator  
  48  34:44  Pylon  
  50  34:47  Probe  
  50  34:48  Probe  
  52  34:56  Probe  
  52  34:58  Pylon  
  55  35:00  Probe  
  55  35:04  Probe  
  55  35:39  Probe  
  55  35:51  Probe  
  55  35:56  Pylon  
  55  36:17  Pylon  
  55  36:22  Gateway  
  55  36:25  Stargate  
  55  36:26  Probe  
  55  36:31  Probe  
  42  36:35  Probe  
  42  36:38  Probe  
  42  36:43  Probe  
  41  36:49  Probe  
  41  36:52  Probe  
  43  37:01  Probe  
  43  37:04  Probe  
  43  37:06  Nexus  
  43  37:08  Void Ray  
  37  37:09  Pylon  
  37  37:11  Gateway  
  37  37:13  Probe  
  37  37:14  Fleet Beacon  
  32  37:17  Robotics Facility  
  24  37:23  Stalker  
  24  37:25  Probe  
  27  37:38  Probe  
  27  37:41  Void Ray  
  27  37:42  Nexus  
  28  37:50  Probe  
  33  37:53  Nexus  
  33  37:59  Stalker  
  33  38:02  Probe  
  33  38:03  Gateway  
  33  38:04  Warp Prism  
  38  38:11  Robotics Bay  
  38  38:13  Carrier  
  38  38:14  Probe  
  39  38:26  Probe  
  46  38:31  Zealot  
  48  38:38  Probe  
  49  38:44  Stalker  
  51  38:50  Probe  
  51  38:54  Probe  
  53  38:57  Zealot  
  53  38:58  Probe  
  56  39:06  Probe  
  56  39:07  Probe  
  56  39:08  Probe  
  58  39:11  Stalker  
  61  39:18  Probe  
  61  39:19  Probe  
  61  39:23  Colossus  
  69  39:25  Probe  
  69  39:30  Probe  
  71  39:33  Probe  
  71  39:38  Probe  
  73  39:42  Probe  
  73  39:43  Probe  
  74  39:51  Stalker, Probe  
  75  39:53  Probe  
  75  39:56  Probe  
  45  40:01  Probe  
  45  40:05  Probe  
  42  40:10  Probe  
  42  40:14  Probe  
  44  40:19  Zealot  
  47  40:22  Probe  
  47  40:26  Probe  
  46  40:34  Probe  
  51  40:38  Nexus, Probe  
  33  40:43  Sentry  
  33  40:46  Probe  
  33  40:47  Robotics Facility  
  30  40:51  Probe  
  30  40:52  Zealot, Pylon  
  24  41:03  Probe  
  22  41:07  Zealot  
  21  41:14  Pylon  
Tags
 
Matchup
PvT
Replay Pack
RP
Spawn Locations
Cross Positions
Add a new tag
Caveats
  • Supply blocks, unpowered buildings, or Contaminate may cause inaccurate times.
  • Supply counts are checked every 10 seconds.